 Dungeon Crawl Stone Soup version 0.31-a0-246-g8cbcc1cb85 (webtiles) character file.

Game seed: 17127362524572268334

231372 qw the Slayer (level 18, -20/184 HPs)
             Began as a Minotaur Hexslinger on July 12, 2023.
             Was a High Priest of Okawaru.
             Demolished by an ironbound thunderhulk
             ... wielding a +0 dire flail
              (28 damage)
             ... on level 2 of the Vaults.
             The game lasted 00:16:13 (28178 turns).

qw the Slayer (Minotaur Hexslinger)                Turns: 28178, Time: 00:16:13

Health: -20/184    AC: 15    Str: 14    XL:     18   Next: 79%
Magic:  28/32      EV: 39    Int: 10    God:    Okawaru [*****.]
Gold:   84         SH:  0    Dex: 29    Spells: 18/19 levels left

rFire   + + .        w - +5 longbow (heavy)
rCold   + . .        (shield currently unavailable)
rNeg    . . .        t - +0 leather armour "Kuockexe" {rElec rF+ Will+ SInv}
rPois   .            s - +2 hat {Will+}
rElec   +            x - scarf {rC+ rF+}
rCorr   .            k - +2 pair of gloves
SInv    +            j - +3 pair of seven-league boots {Rampage+∞}
Will    +++..        p
                       - Hermit's Pendant {Faith Invo=14 Evo=0 MP+5}
Stlth   ++++         D - ring of Apurak {Dex+3 Slay+4}
HPRegen 0.50/turn    u - +6 ring of dexterity
MPRegen 0.23/turn

%: rampage+inf, faith
@: heroic, finesse-ful, marked
A: horns 2, retaliatory headbutt
}: 1/15 runes: barnacled
a: Renounce Religion, Heroism, Finesse, Duel


You were on level 2 of the Vaults.
You worshipped Okawaru.
Okawaru was extremely pleased with you.
You visited 7 branches of the dungeon, and saw 32 of its levels.

You collected 2961 gold pieces.
You spent 2877 gold pieces at shops.


Innate Abilities, Weirdness & Mutations

You have a pair of horns on your head.
You reflexively headbutt those who attack you in melee.


   Skills:
 - Level 22.0(27) Fighting
 - Level 20.0(25.0) Ranged Weapons
 - Level 12.0(17.0) Armour
 + Level 20.2(25.2) Dodging
 - Level 1.0 Spellcasting
 - Level 2.0 Hexes
 - Level 10.0(14.0) Invocations


You had 18 spell levels left.
You knew the following spells:

 Your Spells              Type           Power      Damage    Failure   Level
a - Slow                  Hex            16%        N/A       17%         1

Your spell library contained the following spells:

 Spells                   Type           Power      Damage    Failure   Level
 Inner Flame              Hex/Fire       2%         N/A       61%         3
 Portal Projectile        Hex/Tloc       4%         N/A       61%         3
 Cause Fear               Hex            2%         N/A       86%         4

Inventory:

Hand Weapons
 w - a +5 heavy longbow (weapon)
Armour
 a - the +2 ring mail of the Wasteland {rC+ rN+ Int+3}
   (Okawaru gifted it to you on level 1 of the Orcish Mines)

   Int:       It affects your intelligence (+3).
   rC:        It protects you from cold.
   rN:        It protects you from negative energy.
 f - a +1 robe of resistance
 j - the +3 pair of seven-league boots (worn) {Rampage+∞}
   (Okawaru gifted it to you on level 1 of the Vaults)

   Rampage+∞: When moving toward enemies, its wearer moves as far as possible,
   alerting their target en route.
 k - a +2 pair of gloves (worn)
 l - a +0 troll leather armour
 n - the +2 robe of the Carpenter {rElec rF+}
   (Okawaru gifted it to you on level 5 of the Lair of Beasts)

   rF:        It protects you from fire.
   rElec:     It insulates you from electricity.
 r - the +1 cloak of Ignis {rF+ SInv Stlth+}
   (You acquired it on level 3 of the Lair of Beasts)

   rF:        It protects you from fire.
   SInv:      It lets you see invisible.
   Stlth:     It makes you more stealthy.
 s - a +2 hat of willpower (worn)
 t - the +0 leather armour "Kuockexe" (worn) {rElec rF+ Will+ SInv}
   (You bought it in a shop on level 2 of the Snake Pit)

   rF:        It protects you from fire.
   rElec:     It insulates you from electricity.
   SInv:      It lets you see invisible.
   Will:      It increases your willpower.
 x - a scarf of resistance (worn)
 C - a +2 leather armour of fire resistance
Jewellery
 i - an amulet of reflection
 p - the Hermit's Pendant (around neck) {Faith Invo=14 Evo=0 MP+5}
   (You found it on level 7 of the Dungeon)

   [amulet of faith]

   Invo=14: It sets your Invocations skill to 14.
   Evo=0: It sets your Evocations skill to 0.
   It allows you to gain divine favour quickly.
   MP:        It affects your magic capacity (+5).
 u - a +6 ring of dexterity (right hand)
 y - the amulet of Hepliaklqana's Outrage {Spirit -Tele rPois Dex+8}
   (You found it on level 11 of the Dungeon)

   [amulet of guardian spirit]

   It causes incoming damage to be divided between your reserves of health and
   magic.
   Dex:       It affects your dexterity (+8).
   rPois:     It protects you from poison.
   -Tele:     It prevents most forms of teleportation.
 D - the ring of Apurak (left hand) {Dex+3 Slay+4}
   (You took it off a merfolk on level 4 of the Shoals)

   [ring of slaying]

   Dex:       It affects your dexterity (+3).
   Slay:      It affects your accuracy & damage with ranged weapons and melee
   (+4).
Wands
 q - a wand of digging (6)
Scrolls
 c - 18 scrolls of identify
Potions
 d - 10 potions of might
 e - 6 potions of haste
 h - 8 potions of mutation
 m - 6 potions of resistance
 o - 7 potions of enlightenment
 v - 11 potions of curing
 z - a potion of magic

Dungeon Overview and Level Annotations

Branches:
Dungeon (15/15)            Temple (1/1) D:7            Lair (5/5) D:10
 Shoals (4/4) Lair:3        Snake (3/4) Lair:2        Slime (0/5) Lair:4
    Orc (2/2) D:11            Elf (0/3) Orc:2        Vaults (2/5) D:13
 Depths (0/4) D:15
  Crypt: Vaults:2-3

Altars:
Ashenzari
Cheibriados
Dithmenos
Elyvilon
Fedhas
Gozag
Hepliaklqana
Kikubaaqudgha
Makhleb
Nemelex Xobeh
Okawaru
Qazlal
Ru
Sif Muna
Trog
Uskayaw
Vehumet
Wu Jian
Xom
Yredelemnul
Zin
The Shining One

Shops:
D:5 **=((   D:13 ![   D:14 (   Orc:2 =(=(   Shoals:3 !   Snake:2 [
Snake:3 :((   Vaults:2 !

Portals:
Bailey: D:8

Annotations:
D:6 2 transporters
Snake:1 1 runed translucent door, Xitaol's ghost, adept SpEn


Message History

The vault sentinel blows a loud note on a signal horn!
You shoot an arrow. The arrow hits the slime creature!
The slime creature is moderately wounded.
The slime creature completely misses you.
You shoot an arrow. The arrow hits the slime creature!!
The slime creature is severely wounded.
The slime creature closely misses you. You furiously retaliate!
You headbutt the slime creature!
The glowing orange brain blinks!
The peacekeeper misses you. You furiously retaliate!
You headbutt the peacekeeper. The peacekeeper completely misses you.
You shoot an arrow. The arrow hits the slime creature!!
You kill the slime creature!
Okawaru accepts your kill.
The slime creature hits you but does no damage.
You shoot an arrow. The arrow hits the peacekeeper!!
The peacekeeper is almost destroyed.
The peacekeeper roars a battlecry!
The crystal guardian goes into a battle-frenzy!
The ironbound thunderhulk completely misses you.
The crystal guardian fires a crystalline bolt at you.
The crystal bolt misses you. x2
The crystal bolt burns the crystal guardian.
The crystal guardian completely resists.
You shoot an arrow. The arrow hits the peacekeeper!!!!
You destroy the peacekeeper!
The peacekeeper dissolves into shadows!
The slime creature completely misses you.
You furiously retaliate!
You headbutt the slime creature! You shoot an arrow.
The arrow hits the slime creature!!!
You kill the slime creature!
Okawaru accepts your kill.
The deep elf high priest unwields a +0 long sword of holy wrath.
It stops glowing.
The deep elf high priest wields a +0 shortbow.
The deep elf high priest shoots an arrow.
The arrow completely misses you.
The vault sentinel casts a spell at you.
You barely resist.
The ironbound thunderhulk hits you with a +0 dire flail!!
You die...

#...........# #
#...........#
###+########+##########
!......)))..........
.......)))).........
.....cp###).........
......p#))..........
####G..###..........
#...)J@O.....%...
#...p.9.#####.###
#)...e..# .# #..)....#
#.).)#### #....# #)...#
#....# #....####


You could see a formless jellyfish (summoned), an ironbound thunderhulk, a
crystal guardian (summoned, strong), a glowing orange brain, a vault sentinel
(summoned, empowered) and a deep elf high priest (brilliance aura).

Vanquished Creatures
  Saint Roka (Snake:3)
  Nikola (Snake:3)
  Rupert (Lair:3)
  Polyphemus (Shoals:2)
  A sphinx (Vaults:2)
  3 krakens
  Agnes (Snake:1)
  Aizul (Shoals:4)
  6 vault wardens
  10 ironbound preservers
  A formless jellyfish (Vaults:2)
  Nessos (D:15)
  4 dire elephants (Vaults:1)
  3 ironbound thunderhulks
  An eidolon (Vaults:2)
  3 entropy weavers
  A jiangshi (Vaults:2)
  7 merfolk impalers
  2 yaktaur captains (Vaults:1)
  Harold (D:9)
  3 great orbs of eyes
  4 merfolk javelineers
  3 ironbound frosthearts (Vaults:1)
  6 merfolk avatars
  5 vault guards
  2 catoblepae
  5 boulder beetles
  4 hydras
  2 alligator snapping turtles (Shoals:4)
  An ogre mage (D:15)
  10 two-headed ogres
  4 anacondas
  11 centaur warriors
  3 merfolk aquamancers (Shoals:4)
  2 satyrs (Shoals:4)
  5 tengu warriors
  14 death yaks
  12 naga warriors
  4 orc high priests
  8 naga sharpshooters
  4 shock serpents
  A soul eater (Vaults:2)
  3 skysharks
  A fire crab (D:15)
  Amaemon (Lair:3)
  A shadow wraith (Shoals:1)
  26 deep trolls
  13 sea snakes
  8 wizards
  5 naga ritualists
  3 lindwurms (Vaults:1)
  20 harpies
  2 deep elf zephyrmancers
  An obsidian statue (D:15)
  6 orc knights
  A phantasmal warrior (Vaults:2)
  5 necromancers
  A salamander (Snake:2)
  A deep elf pyromancer (D:9)
  2 ironbound convokers
  21 ugly things
  5 mana vipers
  A faun (Shoals:1)
  6 cyclopes
  4 orc sorcerers
  2 centaur zombies (D:15)
  14 manticores
  4 merfolk sirens
  6 water nymphs
  2 elephants (Lair:5)
  8 vault sentinels
  7 naga magi
  A gargoyle (D:11)
  18 black mambas
  14 cane toads
  An orange demon (Lair:3)
  2 torpor snails (Lair:5)
  An efreet (D:13)
  12 yaktaurs
  7 rime drakes
  A centaur skeleton (D:15)
  9 komodo dragons
  8 trolls
  A tengu conjurer (Shoals:2)
  5 polar bears
  3 hornets
  20 merfolk
  8 snapping turtles
  6 wind drakes
  5 dream sheep (Lair:5)
  A tarantella (Vaults:1)
  A blink frog (Lair:5)
  A centaur simulacrum (D:15)
  39 slime creatures
  13 wyverns
  A shadow (D:11)
  A culicivora (Vaults:1)
  6 water elementals (Shoals:4)
  52 yaks
  3 wraiths
  3 steam dragons
  14 basilisks
  17 humans (D:13)
  2 wargs (Orc:2)
  9 vampire mosquitoes
  A redback (Vaults:1)
  26 nagas
  An acid dragon (D:13)
  13 water moccasins
  A swamp drake (D:9)
  24 orc warriors
  2 ice beasts (D:8)
  2 black bears
  A sky beast (D:7)
  14 wolves
  6 centaurs
  7 ogres
  5 boggarts (Vaults:1)
  A kobold brigand (D:9)
  13 bullfrogs
  2 gnoll sergeants
  8 scorpions
  6 wights (D:9)
  10 killer bees
  An electric eel (Lair:4)
  2 howler monkeys
  A crimson imp (D:9)
  A hound (D:4)
  17 orc priests
  4 jellies
  A gnoll bouda (D:9)
  An iron imp (D:9)
  3 iguanas
  A sleepcap (D:6)
  19 orc wizards
  9 hell rats (Lair:4)
  A boggart skeleton (D:15)
  A mummy (D:7)
  15 gnolls
  6 adders
  A shadow imp (D:9)
  A white imp (D:9)
  3 ufetubi
  2 worms (D:2)
  A dart slug (D:1)
  78 orcs
  4 ball pythons
  6 endoplasms
  5 giant cockroaches
  12 goblins
  9 hobgoblins
  2 jackals (D:3)
  4 quokkas
  7 bats
  7 frilled lizards
  14 kobolds
  A rat (D:2)
  9 tentacles
1020 creatures vanquished.

Vanquished Creatures (others)
  A wizard (Vaults:1)
  A boggart simulacrum (D:15)
  An orc (D:9)
  9 tentacles
12 creatures vanquished.

Grand Total: 1032 creatures vanquished

Notes
Turn   | Place    | Note
-------+----------+-------------------------------------------
     0 | D:1      | qw the Minotaur Hexslinger began the quest for the Orb.
     0 | D:1      | Reached XP level 1. HP: 16/16 MP: 1/1
     0 | D:1      | 0 ||| qw: Version: 0.3-a-52-g30416fa
     0 | D:1      | 0 ||| qw: Game counter: 6249
     0 | D:1      | 0 ||| qw: Melee chars always use a shield: true
     0 | D:1      | 0 ||| qw: God list: Okawaru
     0 | D:1      | 0 ||| qw: Allow faded altars: false
     0 | D:1      | 0 ||| qw: Do Orc after clearing Dungeon:15 true
     0 | D:1      | 0 ||| qw: Do second Lair branch before Depths: true
     0 | D:1      | 0 ||| qw: Lair rune preference: random
     0 | D:1      | 0 ||| qw: Goals: Normal
     0 | D:1      | 0 ||| PLANNING D:1-11
    86 | D:1      | Reached skill level 3 in Ranged Weapons
   114 | D:1      | Reached XP level 2. HP: 23/23 MP: 2/2
   283 | D:1      | Reached skill level 2 in Fighting
   618 | D:1      | Reached XP level 3. HP: 27/29 MP: 3/3
   953 | D:1      | 953 ||| UPGRADING to +0 leather armour.
   963 | D:1      | 963 ||| DROPPING +0 robe.
   964 | D:1      | 964 ||| UPGRADING to +0 pair of gloves.
   969 | D:1      | 969 ||| UPGRADING to amulet of regeneration.
   974 | D:1      | 974 ||| READING scroll labelled DUTAXT DOZUBBU.
   975 | D:1      | 975 ||| READING scroll labelled PAMEUFILOR.
   975 | D:1      | Identified a scroll of acquirement
   975 | D:1      | 975 ||| ACQUIRING +4 arbalest of draining
   975 | D:1      | Acquired a +4 arbalest of draining
   977 | D:1      | 977 ||| SWAPPING to +4 arbalest of draining.
   978 | D:1      | 978 ||| DROPPING +1 sling.
   979 | D:1      | 979 ||| DROPPING scroll of poison.
  1464 | D:2      | Reached XP level 4. HP: 34/36 MP: 4/4
  1580 | D:2      | 1580 ||| UPGRADING to +5 ring of evasion.
  1581 | D:2      | 1581 ||| DRINKING 2 fuming white potions.
  1622 | D:2      | 1622 ||| DROPPING potion of lignification.
  1704 | D:3      | Identified the +6 whip of Reib {spect, rPois Will+ Str+2}
  1723 | D:3      | Identified the +3 leather armour of the Keeping Gods {rN+}
  1738 | D:3      | Noticed a steam dragon
  1743 | D:3      | Killed a steam dragon
  1744 | D:3      | Reached skill level 6 in Ranged Weapons
  1744 | D:3      | Reached XP level 5. HP: 13/41 MP: 5/5
  1886 | D:3      | You fall into a shaft and drop 2 floors!
  1886 | D:5      | Entered Level 5 of the Dungeon
  1892 | D:5      | Found Ysoimmi's Weapon Boutique.
  1903 | D:5      | 1903 ||| SHOPLISTING +4 orcbow of Viny Conscience {freeze,
                  | Int+2 Dex+2} (583 gold, have 181).
  1907 | D:5      | 1907 ||| UPGRADING to +3 leather armour of the Keeping Gods
                  | {rN+}.
  1917 | D:5      | 1917 ||| DROPPING +0 leather armour.
  1918 | D:5      | 1918 ||| UPGRADING to +0 cloak.
  1923 | D:5      | 1923 ||| READING scroll labelled LYEVEE ANUWA.
  1924 | D:5      | 1924 ||| READING scroll labelled TEAN JINLUROTU.
  1927 | D:5      | 1927 ||| READING scroll labelled USASUA ALLIVVOV.
  1928 | D:5      | 1928 ||| READING scroll labelled WUGOPAS USCH.
  1937 | D:5      | Reached skill level 3 in Fighting
  1937 | D:5      | Reached XP level 6. HP: 46/51 MP: 6/6
  2039 | D:4      | Reached skill level 4 in Fighting
  2044 | D:4      | Found a broken altar of Ashenzari.
  2213 | D:4      | 2213 ||| READING scroll labelled OZYXTAORRUF.
  2214 | D:4      | 2214 ||| DRINKING 3 ruby potions.
  2215 | D:4      | 2215 ||| READING 3 scrolls of identify.
  2215 | D:4      | 2215 ||| IDENTIFYING black potion
  2216 | D:4      | 2216 ||| READING 2 scrolls of identify.
  2216 | D:4      | 2216 ||| IDENTIFYING murky sapphire potion
  2217 | D:4      | 2217 ||| DROPPING 2 potions of brilliance.
  2290 | D:3      | Found a glowing silver altar of Zin.
  2301 | D:3      | Found a shadowy altar of Dithmenos.
  2539 | D:3      | 2539 ||| UPGRADING to +2 ring mail of cold resistance.
  2549 | D:3      | 2549 ||| READING scroll labelled CER SEWOFET.
  2895 | D:4      | Reached XP level 7. HP: 59/59 MP: 7/7
  3094 | D:4      | Found a basalt altar of Yredelemnul.
  3149 | D:4      | Found a white marble altar of Elyvilon.
  3156 | D:4      | 3156 ||| UPGRADING to +2 pair of gloves.
  3166 | D:4      | 3166 ||| DROPPING +0 pair of gloves.
  3167 | D:4      | 3167 ||| UPGRADING to amulet of reflection.
  3177 | D:4      | 3177 ||| DROPPING amulet of regeneration.
  3247 | D:5      | Found Ziunkeu's Weapon Shoppe.
  3256 | D:5      | Found Toutyd's General Store.
  3266 | D:5      | 3266 ||| BUYING potion of enlightenment (60 gold).
  3266 | D:5      | Bought a potion of enlightenment for 60 gold pieces
  3266 | D:5      | 3266 ||| BUYING scroll of enchant weapon (90 gold).
  3266 | D:5      | Bought a scroll of enchant weapon for 90 gold pieces
  3266 | D:5      | 3266 ||| BUYING scroll of identify (24 gold).
  3266 | D:5      | Bought a scroll of identify for 24 gold pieces
  3266 | D:5      | 3266 ||| READING scroll of enchant weapon.
  3266 | D:5      | 3266 ||| ENCHANTING +4 arbalest of freezing.
  3365 | D:5      | Identified the +4 flail of the Tent {freeze, rF++ Str+4}
  3388 | D:5      | Found Bal Suzoix's General Store.
  3396 | D:5      | 3396 ||| BUYING scroll of identify (22 gold).
  3396 | D:5      | Bought a scroll of identify for 22 gold pieces
  3421 | D:5      | Identified the +0 scale mail "Loifaun" {Str+4}
  3427 | D:5      | Found Plog's Jewellery Emporium.
  3431 | D:5      | 3431 ||| SHOPLISTING +6 ring of dexterity (504 gold, have
                  | 125).
  3431 | D:5      | 3431 ||| SHOPLISTING +6 ring of strength (504 gold, have
                  | 125).
  3431 | D:5      | 3431 ||| SHOPLISTING ring of fire (350 gold, have 125).
  3431 | D:5      | 3431 ||| SHOPLISTING ring of ice (350 gold, have 125).
  3431 | D:5      | 3431 ||| SHOPLISTING ring of protection from cold (350
                  | gold, have 125).
  3431 | D:5      | 3431 ||| SHOPLISTING ring of protection from fire (350
                  | gold, have 125).
  3450 | D:5      | Reached skill level 5 in Fighting
  3591 | D:5      | Found a hide-covered altar of Uskayaw.
  3672 | D:5      | 3672 ||| READING 6 scrolls of identify.
  3672 | D:5      | 3672 ||| IDENTIFYING blue potion
  3673 | D:5      | 3673 ||| READING 5 scrolls of identify.
  3673 | D:5      | 3673 ||| IDENTIFYING smoky purple potion
  3674 | D:5      | 3674 ||| READING 4 scrolls of identify.
  3674 | D:5      | 3674 ||| IDENTIFYING grey potion
  3675 | D:5      | 3675 ||| READING 3 scrolls of identify.
  3675 | D:5      | 3675 ||| IDENTIFYING fuming emerald potion
  3676 | D:5      | 3676 ||| DROPPING potion of magic.
  3677 | D:5      | 3677 ||| DROPPING potion of degeneration.
  3678 | D:5      | 3678 ||| DROPPING potion of invisibility.
  3679 | D:5      | 3679 ||| DROPPING potion of attraction.
  3798 | D:6      | Reached skill level 9 in Ranged Weapons
  3798 | D:6      | Reached XP level 8. HP: 68/68 MP: 8/8
  3844 | D:6      | Reached skill level 3 in Dodging
  3860 | D:6      | Reached skill level 6 in Fighting
  4061 | D:6      | Found a transporter.
  4064 | D:6      | Noticed a manticore
  4068 | D:6      | Found a transporter.
  4119 | D:6      | Found a shimmering altar of Xom.
  4122 | D:6      | Found an ancient bone altar of Kikubaaqudgha.
  4427 | D:6      | 4427 ||| READING scroll labelled POELLO UNOCH.
  4428 | D:6      | 4428 ||| READING 3 scrolls of identify.
  4428 | D:6      | 4428 ||| IDENTIFYING bubbling amethyst potion
  4474 | D:7      | 4474 ||| STAIRDANCE
  4640 | D:7      | Found a staircase to the Ecumenical Temple.
  4641 | D:7      | 4641 ||| PLANNING TEMPLE
  4641 | D:7      | 4641 ||| READING 3 scrolls of identify.
  4641 | D:7      | 4641 ||| IDENTIFYING yellow potion
  4642 | D:7      | 4642 ||| READING 2 scrolls of identify.
  4642 | D:7      | 4642 ||| IDENTIFYING brown potion
  4651 | Temple   | Entered the Ecumenical Temple
  4652 | Temple   | 4652 ||| PLANNING OKAWARU WORSHIP
  4718 | Temple   | Became a worshipper of Warmaster Okawaru
  4719 | Temple   | 4719 ||| PLANNING D:1-11
  4754 | D:7      | Noticed a troll
  4758 | D:7      | Reached skill level 3 in Armour
  4759 | D:7      | Killed a troll
  4760 | D:7      | Reached skill level 7 in Fighting
  4945 | D:7      | Found the Hermit's Pendant {Faith Invo=14 Evo=0 MP+5}
  5167 | D:7      | Found a snail-covered altar of Cheibriados.
  5170 | D:7      | 5170 ||| UPGRADING to +0 troll leather armour.
  5180 | D:7      | 5180 ||| DROPPING +2 ring mail of cold resistance.
  5181 | D:7      | 5181 ||| DROPPING +3 leather armour of the Keeping Gods
                  | {rN+}.
  5182 | D:7      | 5182 ||| UPGRADING to Hermit's Pendant {Faith Invo=14 Evo=0
                  | MP+5}.
  5322 | D:8      | Reached XP level 9. HP: 79/79 MP: 18/18
  5325 | D:8      | 5325 ||| Stepping ~*~*~tactically~*~*~ (outnumbered).
  5336 | D:8      | Reached * piety under Okawaru
  5380 | D:8      | Found a blossoming altar of Fedhas.
  5466 | D:8      | Reached skill level 1 in Invocations
  5677 | D:8      | Found a flagged portal.
  5885 | D:8      | 5885 ||| UPGRADING to ring of resist corrosion.
  5886 | D:8      | 5886 ||| DRINKING 4 fuming red potions.
  5924 | D:9      | 5924 ||| INVOKING Heroism.
  5927 | D:9      | Reached skill level 3 in Invocations
  5929 | D:9      | Reached ** piety under Okawaru
  5932 | D:9      | 5932 ||| STAIRDANCE
  5937 | D:8      | 5937 ||| DRINKING potion of curing.
  5937 | D:8      | 5937 ||| (to cure confusion)
  5983 | D:9      | 5983 ||| INVOKING Heroism.
  6036 | D:9      | 6036 ||| INVOKING Heroism.
  6086 | D:9      | 6086 ||| Stepping ~*~*~tactically~*~*~ (outnumbered).
  6088 | D:9      | 6088 ||| Stepping ~*~*~tactically~*~*~ (outnumbered).
  6097 | D:9      | Reached skill level 12 in Ranged Weapons
  6197 | D:9      | Reached skill level 8 in Fighting
  6199 | D:9      | Reached XP level 10. HP: 88/88 MP: 19/19
  6207 | D:9      | 6207 ||| INVOKING Heroism.
  6212 | D:9      | Reached *** piety under Okawaru
  6248 | D:9      | Found a sacrificial altar of Ru.
  6328 | D:9      | 6328 ||| READING scroll of enchant weapon.
  6328 | D:9      | 6328 ||| ENCHANTING +5 arbalest of freezing.
  6359 | D:9      | Noticed Harold
  6360 | D:9      | 6360 ||| INVOKING Heroism.
  6371 | D:9      | Killed Harold
  6371 | D:9      | Reached **** piety under Okawaru
  6371 | D:9      | Received a gift from Okawaru
  6372 | D:9      | Reached skill level 9 in Fighting
  6536 | D:9      | Found a shimmering blue altar of Sif Muna.
  6539 | D:9      | 6539 ||| UPGRADING to ring of poison resistance.
  6552 | D:9      | 6552 ||| READING scroll labelled GOQAPP ZIT TEH.
  6627 | D:9      | 6627 ||| Stepping ~*~*~tactically~*~*~ (outnumbered).
  6628 | D:9      | 6628 ||| Stepping ~*~*~tactically~*~*~ (outnumbered).
  6630 | D:9      | 6630 ||| Stepping ~*~*~tactically~*~*~ (outnumbered).
  6631 | D:9      | 6631 ||| Stepping ~*~*~tactically~*~*~ (outnumbered).
  6675 | D:9      | Noticed a deep elf pyromancer
  6682 | D:9      | Killed a deep elf pyromancer
  6684 | D:9      | Noticed a deep elf zephyrmancer
  6686 | D:9      | Killed a deep elf zephyrmancer
  6686 | D:9      | Reached ***** piety under Okawaru
  6686 | D:9      | Identified the +6 orcbow of Moderation {freeze, rElec
                  | Will++} (Okawaru gifted it to you on level 9 of the
                  | Dungeon)
  6686 | D:9      | Received a gift from Okawaru
  6687 | D:9      | Reached skill level 6 in Dodging
  6688 | D:9      | 6688 ||| SWAPPING to +6 orcbow of Moderation {freeze, rElec
                  | Will++}.
  6757 | D:9      | 6757 ||| UPGRADING to +2 hat of willpower.
  6762 | D:9      | 6762 ||| DROPPING +1 hat of intelligence.
  6763 | D:9      | 6763 ||| DROPPING +1 hat of intelligence.
  6764 | D:9      | 6764 ||| DROPPING +1 hat.
  6791 | D:10     | Entered Level 10 of the Dungeon
  7088 | D:10     | 7088 ||| INVOKING Heroism.
  7089 | D:10     | Noticed a death yak
  7090 | D:10     | 7090 ||| INVOKING Finesse.
  7097 | D:10     | Noticed a death yak
  7098 | D:10     | Reached skill level 6 in Invocations
  7098 | D:10     | Reached XP level 11. HP: 99/99 MP: 18/20
  7102 | D:10     | Noticed a death yak
  7104 | D:10     | Killed a death yak
  7116 | D:10     | Killed a death yak
  7120 | D:10     | Killed a death yak
  7150 | D:10     | Found a staircase to the Lair.
  7371 | D:10     | 7371 ||| PLANNING LAIR
  7371 | D:10     | 7371 ||| READING scroll labelled REXZITHR VAYKK.
  7430 | Lair:1   | Entered Level 1 of the Lair of Beasts
  7433 | Lair:1   | 7433 ||| INVOKING Heroism.
  7442 | Lair:1   | Reached skill level 10 in Fighting
  7447 | Lair:1   | Noticed a catoblepas
  7448 | Lair:1   | 7448 ||| INVOKING Finesse.
  7449 | Lair:1   | Received a gift from Okawaru
  7457 | Lair:1   | 7457 ||| Stepping ~*~*~tactically~*~*~ (cloud).
  7463 | Lair:1   | 7463 ||| Stepping ~*~*~tactically~*~*~ (cloud).
  7465 | Lair:1   | Killed a catoblepas
  7507 | Lair:1   | 7507 ||| INVOKING Heroism.
  7593 | Lair:1   | Reached skill level 9 in Invocations
  7858 | Lair:1   | 7858 ||| INVOKING Heroism.
  7976 | Lair:1   | 7976 ||| DROPPING +2 pair of gloves.
  7977 | Lair:1   | 7977 ||| DROPPING ring of resist corrosion.
  8030 | Lair:2   | 8030 ||| INVOKING Heroism.
  8037 | Lair:2   | Reached ****** piety under Okawaru
  8115 | Lair:2   | Reached XP level 12. HP: 106/106 MP: 21/21
  8125 | Lair:2   | 8125 ||| INVOKING Heroism.
  8188 | Lair:2   | Reached skill level 15 in Ranged Weapons
  8215 | Lair:2   | Found a staircase to the Snake Pit.
  8219 | Lair:2   | 8219 ||| Stepping ~*~*~tactically~*~*~ (outnumbered).
  8221 | Lair:2   | 8221 ||| Stepping ~*~*~tactically~*~*~ (outnumbered).
  8286 | Lair:2   | 8286 ||| INVOKING Heroism.
  8397 | Lair:2   | 8397 ||| INVOKING Heroism.
  8403 | Lair:2   | Identified the +1 robe "Sograd" {Dex+4} (Okawaru gifted it
                  | to you on level 2 of the Lair of Beasts)
  8403 | Lair:2   | Received a gift from Okawaru
  8572 | Lair:2   | 8572 ||| INVOKING Heroism.
  8783 | Lair:2   | 8783 ||| DROPPING +1 robe "Sograd" {Dex+4}.
  8815 | Lair:3   | 8815 ||| STAIRDANCE
  8962 | Lair:3   | Noticed a death yak
  8963 | Lair:3   | 8963 ||| INVOKING Heroism.
  8964 | Lair:3   | 8964 ||| INVOKING Finesse.
  8969 | Lair:3   | Killed a death yak
  8970 | Lair:3   | Noticed a death yak
  8971 | Lair:3   | Noticed a death yak
  8978 | Lair:3   | Killed a death yak
  8984 | Lair:3   | Noticed a death yak
  8984 | Lair:3   | Noticed a death yak
  8990 | Lair:3   | Killed a death yak
  8991 | Lair:3   | Reached skill level 11 in Fighting
  8994 | Lair:3   | Killed a death yak
  9005 | Lair:3   | Killed a death yak
  9041 | Lair:3   | 9041 ||| READING scroll of acquirement.
  9041 | Lair:3   | 9041 ||| ACQUIRING +1 cloak of Ignis {rF+ SInv Stlth+}
  9041 | Lair:3   | Acquired the +1 cloak of Ignis {rF+ SInv Stlth+}
  9043 | Lair:3   | 9043 ||| UPGRADING to +1 cloak of Ignis {rF+ SInv Stlth+}.
  9053 | Lair:3   | 9053 ||| DROPPING +0 cloak.
  9055 | Lair:3   | Found a staircase to the Shoals.
  9291 | Lair:3   | Noticed Amaemon
  9292 | Lair:3   | 9292 ||| Stepping ~*~*~tactically~*~*~ (outnumbered).
  9295 | Lair:3   | 9295 ||| INVOKING Heroism.
  9304 | Lair:3   | Killed Amaemon
  9502 | Lair:3   | Noticed Rupert
  9503 | Lair:3   | 9503 ||| INVOKING Heroism.
  9504 | Lair:3   | 9504 ||| INVOKING Finesse.
  9516 | Lair:3   | Killed Rupert
  9517 | Lair:3   | Reached skill level 12 in Fighting
  9787 | Lair:3   | 9787 ||| DROPPING +6 ring of intelligence.
  9844 | Lair:4   | Reached XP level 13. HP: 114/118 MP: 22/22
  9874 | Lair:4   | 9874 ||| Stepping ~*~*~tactically~*~*~ (water).
  9876 | Lair:4   | 9876 ||| Stepping ~*~*~tactically~*~*~ (water).
  9878 | Lair:4   | 9878 ||| Stepping ~*~*~tactically~*~*~ (water).
  9880 | Lair:4   | 9880 ||| Stepping ~*~*~tactically~*~*~ (water).
  9890 | Lair:4   | 9890 ||| INVOKING Heroism.
  9891 | Lair:4   | 9891 ||| INVOKING Finesse.
  9939 | Lair:4   | Reached skill level 9 in Dodging
 10000 | Lair:4   | 10000 ||| Stepping ~*~*~tactically~*~*~ (outnumbered).
 10004 | Lair:4   | 10004 ||| Stepping ~*~*~tactically~*~*~ (outnumbered).
 10006 | Lair:4   | 10006 ||| Stepping ~*~*~tactically~*~*~ (outnumbered).
 10017 | Lair:4   | 10017 ||| Stepping ~*~*~tactically~*~*~ (outnumbered).
 10051 | Lair:4   | 10051 ||| INVOKING Heroism.
 10058 | Lair:4   | Reached skill level 13 in Fighting
 10086 | Lair:4   | Reached skill level 6 in Armour
 10298 | Lair:4   | Received a gift from Okawaru
 10509 | Lair:4   | 10509 ||| INVOKING Heroism.
 10644 | Lair:4   | Found a staircase to the Slime Pits.
 10801 | Lair:5   | Entered Level 5 of the Lair of Beasts
 10843 | Lair:5   | 10843 ||| INVOKING Heroism.
 10851 | Lair:5   | Reached skill level 14 in Fighting
 10876 | Lair:5   | Identified the +2 robe of the Carpenter {rElec rF+}
                  | (Okawaru gifted it to you on level 5 of the Lair of Beasts)
 10876 | Lair:5   | Received a gift from Okawaru
 10950 | Lair:5   | 10950 ||| INVOKING Heroism.
 10993 | Lair:5   | Reached skill level 15 in Fighting
 10994 | Lair:5   | HP: 29/126 [rime drake/icy flash freeze (31)]
 10995 | Lair:5   | 10995 ||| READING 3 scrolls of teleportation.
 10996 | Lair:5   | 10996 ||| DRINKING potion of heal wounds.
 11080 | Lair:5   | 11080 ||| INVOKING Heroism.
 11132 | Lair:5   | 11132 ||| INVOKING Heroism.
 11135 | Lair:5   | 11135 ||| Stepping ~*~*~tactically~*~*~ (water).
 11164 | Lair:5   | 11164 ||| INVOKING Finesse.
 11205 | Lair:5   | 11205 ||| INVOKING Heroism.
 11245 | Lair:5   | 11245 ||| INVOKING Heroism.
 11246 | Lair:5   | 11246 ||| INVOKING Finesse.
 11433 | Lair:5   | Reached XP level 14. HP: 107/135 MP: 23/23
 11522 | Lair:5   | 11522 ||| INVOKING Heroism.
 11597 | Lair:5   | 11597 ||| INVOKING Finesse.
 11604 | Lair:5   | 11604 ||| INVOKING Heroism.
 11616 | Lair:5   | Reached skill level 16 in Fighting
 11645 | Lair:5   | Identified the +7 chain mail of Insurance {rCorr}
 11657 | Lair:5   | Identified the +2 ring mail of the Iron City of Dis {rElec}
                  | (Okawaru gifted it to you on level 5 of the Lair of Beasts)
 11657 | Lair:5   | Received a gift from Okawaru
 11840 | Lair:5   | 11840 ||| INVOKING Heroism.
 11966 | Lair:5   | 11966 ||| PLANNING D:1-11
 11966 | Lair:5   | 11966 ||| DROPPING +2 ring mail of the Iron City of Dis
                  | {rElec}.
 12297 | D:11     | 12297 ||| Stepping ~*~*~tactically~*~*~ (outnumbered).
 12353 | D:11     | Identified the amulet of Hepliaklqana's Outrage {Spirit
                  | -Tele rPois Dex+8}
 12368 | D:11     | Found a staircase to the Orcish Mines.
 12510 | D:11     | Reached skill level 12 in Dodging
 12593 | D:11     | 12593 ||| PLANNING D
 12593 | D:11     | 12593 ||| DROPPING ring of wizardry.
 12608 | D:12     | 12608 ||| STAIRDANCE
 12622 | D:12     | 12622 ||| STAIRDANCE
 12624 | D:11     | 12624 ||| INVOKING Heroism.
 12702 | D:12     | 12702 ||| STAIRDANCE
 12724 | D:12     | 12724 ||| STAIRDANCE
 12738 | D:12     | 12738 ||| STAIRDANCE
 12752 | D:12     | 12752 ||| STAIRDANCE
 13020 | D:12     | 13020 ||| INVOKING Heroism.
 13021 | D:12     | 13021 ||| INVOKING Finesse.
 13439 | D:13     | 13439 ||| Stepping ~*~*~tactically~*~*~ (outnumbered).
 13443 | D:13     | Reached skill level 17 in Fighting
 13490 | D:13     | 13490 ||| INVOKING Heroism.
 13491 | D:13     | 13491 ||| INVOKING Finesse.
 13575 | D:13     | Found Odidaxka's Distillery.
 13583 | D:13     | 13583 ||| BUYING potion of heal wounds (55 gold).
 13583 | D:13     | Bought a potion of heal wounds for 55 gold pieces
 13583 | D:13     | 13583 ||| BUYING potion of heal wounds (55 gold).
 13583 | D:13     | Bought a potion of heal wounds for 55 gold pieces
 13583 | D:13     | 13583 ||| BUYING potion of mutation (88 gold).
 13583 | D:13     | Bought a potion of mutation for 88 gold pieces
 13583 | D:13     | 13583 ||| BUYING potion of resistance (110 gold).
 13583 | D:13     | Bought a potion of resistance for 110 gold pieces
 13951 | D:13     | 13951 ||| INVOKING Heroism.
 13952 | D:13     | 13952 ||| Stepping ~*~*~tactically~*~*~ (outnumbered).
 13955 | D:13     | Reached skill level 18 in Fighting
 13963 | D:13     | Identified the +4 chain mail of the Countless Dreams
                  | {Str+4} (Okawaru gifted it to you on level 13 of the
                  | Dungeon)
 13963 | D:13     | Received a gift from Okawaru
 14025 | D:13     | Found Wiank's Armour Shoppe.
 14038 | D:13     | 14038 ||| UPGRADING to +0 pair of boots.
 14211 | D:13     | Found a gate to the Vaults.
 14232 | D:13     | 14232 ||| DROPPING ring of positive energy.
 14233 | D:13     | 14233 ||| READING scroll labelled NUOGHE FESMUEGOLL.
 14276 | D:14     | 14276 ||| INVOKING Heroism.
 14397 | D:14     | Found Liraq's Antique Weapon Emporium.
 14400 | D:14     | 14400 ||| INVOKING Heroism.
 14401 | D:14     | 14401 ||| INVOKING Finesse.
 14409 | D:14     | Reached skill level 9 in Armour
 14948 | D:14     | 14948 ||| Stepping ~*~*~tactically~*~*~ (outnumbered).
 14950 | D:14     | 14950 ||| Stepping ~*~*~tactically~*~*~ (outnumbered).
 14952 | D:14     | 14952 ||| Stepping ~*~*~tactically~*~*~ (outnumbered).
 14959 | D:14     | 14959 ||| Stepping ~*~*~tactically~*~*~ (outnumbered).
 14967 | D:14     | Reached XP level 15. HP: 115/149 MP: 24/24
 15154 | D:15     | Entered Level 15 of the Dungeon
 15160 | D:15     | 15160 ||| STAIRDANCE
 15183 | D:15     | 15183 ||| STAIRDANCE
 15189 | D:14     | 15189 ||| INVOKING Heroism.
 15282 | D:15     | 15282 ||| Stepping ~*~*~tactically~*~*~ (cloud).
 15364 | D:15     | 15364 ||| INVOKING Heroism.
 15389 | D:15     | HP: 30/149 [two-headed ogre/+0 giant spiked club (20)]
 15390 | D:15     | 15390 ||| READING 3 scrolls of teleportation.
 15391 | D:15     | 15391 ||| DRINKING 5 potions of heal wounds.
 15394 | D:15     | 15394 ||| DRINKING 4 potions of heal wounds.
 15597 | D:15     | Noticed Nessos
 15598 | D:15     | 15598 ||| INVOKING Finesse.
 15608 | D:15     | Killed Nessos
 15652 | D:15     | 15652 ||| SWAPPING to +1 longbow of flaming.
 15653 | D:15     | 15653 ||| INVOKING Heroism.
 15670 | D:15     | 15670 ||| INVOKING Finesse.
 15680 | D:15     | 15680 ||| DROPPING +6 orcbow of Moderation {freeze, rElec
                  | Will++}.
 15681 | D:15     | 15681 ||| DROPPING +6 arbalest of freezing.
 15682 | D:15     | 15682 ||| READING scroll of brand weapon.
 15682 | D:15     | 15682 ||| BRANDING +1 longbow of flaming.
 15701 | D:15     | 15701 ||| INVOKING Finesse.
 15728 | D:15     | 15728 ||| INVOKING Heroism.
 15769 | D:15     | Received a gift from Okawaru
 15820 | D:15     | 15820 ||| Stepping ~*~*~tactically~*~*~ (outnumbered).
 15843 | D:15     | 15843 ||| INVOKING Heroism.
 15902 | D:15     | Found a staircase to the Depths.
 16086 | D:15     | 16086 ||| PLANNING ORC
 16212 | Orc:1    | Entered Level 1 of the Orcish Mines
 16216 | Orc:1    | 16216 ||| Stepping ~*~*~tactically~*~*~ (outnumbered).
 16222 | Orc:1    | 16222 ||| Stepping ~*~*~tactically~*~*~ (outnumbered).
 16309 | Orc:1    | 16309 ||| INVOKING Heroism.
 16316 | Orc:1    | Identified the +2 ring mail of the Wasteland {rC+ rN+
                  | Int+3} (Okawaru gifted it to you on level 1 of the Orcish
                  | Mines)
 16316 | Orc:1    | Received a gift from Okawaru
 16368 | Orc:1    | 16368 ||| UPGRADING to +2 ring mail of the Wasteland {rC+
                  | rN+ Int+3}.
 16387 | Orc:2    | Entered Level 2 of the Orcish Mines
 16502 | Orc:1    | 16502 ||| INVOKING Heroism.
 16772 | Orc:2    | Found a staircase to the Elven Halls.
 16779 | Orc:2    | 16779 ||| INVOKING Heroism.
 16782 | Orc:2    | 16782 ||| Stepping ~*~*~tactically~*~*~ (outnumbered).
 16880 | Orc:2    | 16880 ||| INVOKING Heroism.
 16907 | Orc:2    | 16907 ||| Stepping ~*~*~tactically~*~*~ (outnumbered).
 16909 | Orc:2    | 16909 ||| Stepping ~*~*~tactically~*~*~ (outnumbered).
 16914 | Orc:2    | 16914 ||| Stepping ~*~*~tactically~*~*~ (outnumbered).
 16922 | Orc:2    | 16922 ||| INVOKING Heroism.
 16976 | Orc:2    | 16976 ||| INVOKING Heroism.
 16986 | Orc:2    | 16986 ||| FLEEEEING.
 16988 | Orc:2    | 16988 ||| FLEEEEING.
 16989 | Orc:2    | 16989 ||| FLEEEEING.
 16990 | Orc:2    | 16990 ||| FLEEEEING.
 16991 | Orc:2    | 16991 ||| FLEEEEING.
 16992 | Orc:2    | 16992 ||| FLEEEEING.
 16993 | Orc:2    | 16993 ||| FLEEEEING.
 16994 | Orc:2    | 16994 ||| FLEEEEING.
 16995 | Orc:2    | 16995 ||| FLEEEEING.
 16996 | Orc:2    | 16996 ||| FLEEEEING.
 16997 | Orc:2    | 16997 ||| FLEEEEING.
 16998 | Orc:2    | 16998 ||| FLEEEEING.
 16999 | Orc:2    | 16999 ||| FLEEEEING.
 17006 | Orc:2    | 17006 ||| FLEEEEING.
 17007 | Orc:2    | 17007 ||| FLEEEEING.
 17008 | Orc:2    | 17008 ||| FLEEEEING.
 17009 | Orc:2    | 17009 ||| FLEEEEING.
 17010 | Orc:2    | 17010 ||| FLEEEEING.
 17011 | Orc:2    | 17011 ||| FLEEEEING.
 17240 | Orc:2    | Found Adain's Jewellery Shoppe.
 17257 | Orc:2    | 17257 ||| BUYING +5 ring of evasion (468 gold).
 17257 | Orc:2    | Bought a +5 ring of evasion for 468 gold pieces
 17257 | Orc:2    | 17257 ||| BUYING +6 ring of dexterity (468 gold).
 17257 | Orc:2    | Bought a +6 ring of dexterity for 468 gold pieces
 17287 | Orc:2    | 17287 ||| INVOKING Heroism.
 17427 | Orc:2    | 17427 ||| INVOKING Heroism.
 17540 | Orc:2    | Found Niacioda's Weapon Boutique.
 17540 | Orc:2    | Found Zymeoty's Jewellery Shoppe.
 17542 | Orc:2    | Found Wepoqeaf's Magic Scroll Boutique.
 17542 | Orc:2    | Found Anugg's Weapon Shoppe.
 17627 | Orc:2    | 17627 ||| PLANNING SHOALS:1-3
 17627 | Orc:2    | 17627 ||| UPGRADING to +5 ring of evasion.
 17629 | Orc:2    | 17629 ||| UPGRADING to +6 ring of dexterity.
 17631 | Orc:2    | 17631 ||| DROPPING ring of poison resistance.
 17632 | Orc:2    | 17632 ||| DROPPING +5 ring of evasion.
 17633 | Orc:2    | 17633 ||| DROPPING +4 ring of protection.
 17748 | Shoals:1 | Entered Level 1 of the Shoals
 17790 | Shoals:1 | Identified the +5 shortbow "Wehug" {heavy, Fly rPois}
 17797 | Shoals:1 | Identified the +11 long sword "Feodoem" {heavy, Int+3}
 17842 | Shoals:1 | 17842 ||| INVOKING Heroism.
 17916 | Shoals:1 | Reached skill level 18 in Ranged Weapons
 18458 | Shoals:1 | 18458 ||| Stepping ~*~*~tactically~*~*~ (water).
 18459 | Shoals:1 | 18459 ||| INVOKING Heroism.
 18472 | Shoals:1 | 18472 ||| READING scroll labelled JEWI ALIMIDA.
 18500 | Shoals:1 | 18500 ||| INVOKING Heroism.
 18521 | Shoals:1 | 18521 ||| Stepping ~*~*~tactically~*~*~ (water).
 18524 | Shoals:1 | 18524 ||| Stepping ~*~*~tactically~*~*~ (water).
 18525 | Shoals:1 | 18525 ||| INVOKING Heroism.
 18795 | Shoals:2 | 18795 ||| Stepping ~*~*~tactically~*~*~ (outnumbered).
 18798 | Shoals:2 | 18798 ||| Stepping ~*~*~tactically~*~*~ (water).
 18802 | Shoals:2 | 18802 ||| INVOKING Heroism.
 18805 | Shoals:2 | 18805 ||| Stepping ~*~*~tactically~*~*~ (outnumbered).
 18807 | Shoals:2 | 18807 ||| Stepping ~*~*~tactically~*~*~ (cloud).
 18839 | Shoals:2 | HP: 31/149 [merfolk javelineer/silver javelin (18)]
 18839 | Shoals:2 | HP: 4/149 [death yak[Polyphemus] (21)]
 18840 | Shoals:2 | 18840 ||| READING 2 scrolls of teleportation.
 18841 | Shoals:2 | 18841 ||| DRINKING 4 potions of heal wounds.
 18842 | Shoals:2 | 18842 ||| DRINKING 3 potions of heal wounds.
 18843 | Shoals:2 | 18843 ||| Stepping ~*~*~tactically~*~*~ (water).
 18844 | Shoals:2 | 18844 ||| Stepping ~*~*~tactically~*~*~ (water).
 18849 | Shoals:2 | 18849 ||| INVOKING Heroism.
 18993 | Shoals:2 | Noticed a kraken
 18994 | Shoals:2 | 18994 ||| Stepping ~*~*~tactically~*~*~ (water).
 19001 | Shoals:2 | 19001 ||| INVOKING Heroism.
 19005 | Shoals:2 | Killed a kraken
 19250 | Shoals:1 | Found the +7 captain's cutlass {speed, disarm}
 19261 | Shoals:1 | 19261 ||| DROPPING scarf of harm.
 19324 | Shoals:2 | Reached XP level 16. HP: 157/157 MP: 25/25
 19384 | Shoals:2 | 19384 ||| INVOKING Heroism.
 19471 | Shoals:2 | 19471 ||| Stepping ~*~*~tactically~*~*~ (water).
 19536 | Shoals:2 | 19536 ||| INVOKING Heroism.
 19574 | Shoals:2 | Noticed Polyphemus
 19589 | Shoals:2 | Killed Polyphemus
 19617 | Shoals:2 | 19617 ||| Stepping ~*~*~tactically~*~*~ (water).
 19618 | Shoals:2 | 19618 ||| INVOKING Heroism.
 20012 | Shoals:2 | 20012 ||| DROPPING amulet of magic regeneration.
 20013 | Shoals:2 | 20013 ||| READING 18 scrolls of identify.
 20013 | Shoals:2 | 20013 ||| IDENTIFYING viscous amethyst potion
 20014 | Shoals:2 | 20014 ||| DROPPING potion of berserk rage.
 20056 | Shoals:3 | Found Marph's Distillery.
 20057 | Shoals:3 | 20057 ||| INVOKING Heroism.
 20070 | Shoals:3 | 20070 ||| BUYING 2 potions of might (128 gold).
 20070 | Shoals:3 | Bought 2 potions of might for 128 gold pieces
 20070 | Shoals:3 | 20070 ||| BUYING potion of curing (48 gold).
 20070 | Shoals:3 | Bought a potion of curing for 48 gold pieces
 20070 | Shoals:3 | 20070 ||| BUYING potion of curing (48 gold).
 20070 | Shoals:3 | Bought a potion of curing for 48 gold pieces
 20070 | Shoals:3 | 20070 ||| BUYING potion of enlightenment (80 gold).
 20070 | Shoals:3 | Bought a potion of enlightenment for 80 gold pieces
 20070 | Shoals:3 | 20070 ||| BUYING potion of haste (160 gold).
 20070 | Shoals:3 | Bought a potion of haste for 160 gold pieces
 20070 | Shoals:3 | 20070 ||| BUYING potion of mutation (128 gold).
 20070 | Shoals:3 | Bought a potion of mutation for 128 gold pieces
 20132 | Shoals:3 | Noticed a kraken
 20146 | Shoals:3 | 20146 ||| INVOKING Heroism.
 20177 | Shoals:3 | Killed a kraken
 20293 | Shoals:3 | 20293 ||| Stepping ~*~*~tactically~*~*~ (water).
 20363 | Shoals:3 | Noticed a kraken
 20364 | Shoals:3 | 20364 ||| Stepping ~*~*~tactically~*~*~ (water).
 20377 | Shoals:3 | Killed a kraken
 20420 | Shoals:3 | 20420 ||| INVOKING Heroism.
 20476 | Shoals:3 | 20476 ||| READING 2 scrolls of enchant armour.
 20476 | Shoals:3 | 20476 ||| ENCHANTING +0 pair of boots.
 20477 | Shoals:3 | 20477 ||| READING scroll of enchant armour.
 20477 | Shoals:3 | 20477 ||| ENCHANTING +1 pair of boots.
 20575 | Shoals:3 | 20575 ||| INVOKING Heroism.
 20581 | Shoals:3 | 20581 ||| Stepping ~*~*~tactically~*~*~ (water).
 20582 | Shoals:3 | 20582 ||| Stepping ~*~*~tactically~*~*~ (water).
 20583 | Shoals:3 | 20583 ||| Stepping ~*~*~tactically~*~*~ (water).
 20584 | Shoals:3 | 20584 ||| Stepping ~*~*~tactically~*~*~ (water).
 20585 | Shoals:3 | 20585 ||| Stepping ~*~*~tactically~*~*~ (water).
 20648 | Shoals:3 | 20648 ||| Stepping ~*~*~tactically~*~*~ (water).
 20723 | Shoals:3 | 20723 ||| INVOKING Heroism.
 20948 | Shoals:3 | 20948 ||| PLANNING SNAKE:1-3
 21079 | Snake:1  | Entered Level 1 of the Snake Pit
 21079 | Snake:1  | Noticed Xitaol's ghost (adept SpEn)
 21079 | Snake:1  | Found a runed translucent door.
 21086 | Snake:1  | 21086 ||| STAIRDANCE
 21197 | Snake:1  | Noticed Agnes
 21198 | Snake:1  | 21198 ||| INVOKING Heroism.
 21199 | Snake:1  | 21199 ||| INVOKING Finesse.
 21206 | Snake:1  | Killed Agnes
 21582 | Snake:1  | 21582 ||| INVOKING Heroism.
 21827 | Snake:1  | 21827 ||| READING scroll of enchant weapon.
 21827 | Snake:1  | 21827 ||| ENCHANTING +1 longbow of electrocution.
 22024 | Snake:1  | Reached skill level 15 in Dodging
 22106 | Snake:1  | 22106 ||| READING scroll labelled FANIAJ ATICW.
 22210 | Snake:1  | 22210 ||| DROPPING +6 ring of strength.
 22253 | Snake:2  | 22253 ||| Stepping ~*~*~tactically~*~*~ (outnumbered).
 22255 | Snake:2  | 22255 ||| Stepping ~*~*~tactically~*~*~ (outnumbered).
 22260 | Snake:2  | 22260 ||| Stepping ~*~*~tactically~*~*~ (outnumbered).
 22271 | Snake:2  | 22271 ||| INVOKING Heroism.
 22441 | Snake:2  | 22441 ||| INVOKING Heroism.
 22488 | Snake:2  | Found Hantol's Armour Shop.
 22498 | Snake:2  | 22498 ||| BUYING +0 leather armour "Kuockexe" {rElec rF+
                  | Will+ SInv} (590 gold).
 22498 | Snake:2  | Bought the +0 leather armour "Kuockexe" {rElec rF+ Will+
                  | SInv} for 590 gold pieces
 22524 | Snake:2  | 22524 ||| INVOKING Heroism.
 22525 | Snake:2  | 22525 ||| Stepping ~*~*~tactically~*~*~ (outnumbered).
 22541 | Snake:2  | 22541 ||| Stepping ~*~*~tactically~*~*~ (outnumbered).
 22637 | Snake:2  | 22637 ||| INVOKING Heroism.
 22656 | Snake:2  | 22656 ||| SWAPPING to +5 heavy longbow.
 22657 | Snake:2  | 22657 ||| DROPPING +2 longbow of electrocution.
 22755 | Snake:2  | Received a gift from Okawaru
 22877 | Snake:2  | 22877 ||| Stepping ~*~*~tactically~*~*~ (outnumbered).
 22881 | Snake:2  | Reached skill level 19 in Fighting
 23058 | Snake:3  | Found Uqor's Weapon Shoppe.
 23066 | Snake:3  | Identified the +4 shortbow of Mofeodoet {speed, rPois rC+
                  | rN+} (Okawaru gifted it to you on level 3 of the Snake Pit)
 23066 | Snake:3  | Received a gift from Okawaru
 23169 | Snake:3  | Noticed Saint Roka
 23170 | Snake:3  | 23170 ||| INVOKING Heroism.
 23171 | Snake:3  | 23171 ||| INVOKING Finesse.
 23196 | Snake:3  | Killed Saint Roka
 23222 | Snake:3  | Reached XP level 17. HP: 106/168 MP: 26/26
 23318 | Snake:3  | 23318 ||| INVOKING Heroism.
 23410 | Snake:3  | 23410 ||| INVOKING Heroism.
 23656 | Snake:3  | Noticed Nikola
 23657 | Snake:3  | 23657 ||| INVOKING Heroism.
 23658 | Snake:3  | 23658 ||| INVOKING Finesse.
 23663 | Snake:3  | Killed Nikola
 23725 | Snake:3  | Found Ymoipn's Antique Weapon Shop.
 23731 | Snake:3  | 23731 ||| INVOKING Heroism.
 23733 | Snake:3  | Reached skill level 12 in Armour
 23733 | Snake:3  | 23733 ||| Stepping ~*~*~tactically~*~*~ (outnumbered).
 23958 | Snake:3  | Found Jaenum's Book Emporium.
 24196 | Snake:3  | 24196 ||| PLANNING SHOALS:4
 24405 | Shoals:4 | Entered Level 4 of the Shoals
 24406 | Shoals:4 | 24406 ||| INVOKING Heroism.
 24478 | Shoals:4 | Identified the ring of Apurak {Dex+3 Slay+4}
 24481 | Shoals:4 | 24481 ||| INVOKING Heroism.
 24551 | Shoals:4 | 24551 ||| Stepping ~*~*~tactically~*~*~ (outnumbered).
 24553 | Shoals:4 | 24553 ||| Stepping ~*~*~tactically~*~*~ (outnumbered).
 24554 | Shoals:4 | 24554 ||| INVOKING Heroism.
 24555 | Shoals:4 | 24555 ||| INVOKING Finesse.
 24561 | Shoals:4 | Reached skill level 20 in Fighting
 24618 | Shoals:4 | 24618 ||| INVOKING Heroism.
 24727 | Shoals:4 | 24727 ||| Stepping ~*~*~tactically~*~*~ (outnumbered).
 24734 | Shoals:4 | 24734 ||| Stepping ~*~*~tactically~*~*~ (outnumbered).
 24764 | Shoals:4 | 24764 ||| Stepping ~*~*~tactically~*~*~ (water).
 24768 | Shoals:4 | 24768 ||| INVOKING Heroism.
 24769 | Shoals:4 | 24769 ||| INVOKING Finesse.
 24989 | Shoals:4 | Got a barnacled rune of Zot
 25055 | Shoals:4 | 25055 ||| INVOKING Heroism.
 25069 | Shoals:4 | Noticed Aizul
 25070 | Shoals:4 | 25070 ||| INVOKING Finesse.
 25076 | Shoals:4 | Killed Aizul
 25124 | Shoals:4 | 25124 ||| Stepping ~*~*~tactically~*~*~ (water).
 25125 | Shoals:4 | 25125 ||| INVOKING Heroism.
 25126 | Shoals:4 | 25126 ||| Stepping ~*~*~tactically~*~*~ (water).
 25127 | Shoals:4 | 25127 ||| Stepping ~*~*~tactically~*~*~ (water).
 25227 | Shoals:4 | 25227 ||| DROPPING +1 cloak.
 25228 | Shoals:4 | 25228 ||| DROPPING ring of protection from fire.
 25229 | Shoals:4 | 25229 ||| UPGRADING to ring of Apurak {Dex+3 Slay+4}.
 25231 | Shoals:4 | 25231 ||| Stepping ~*~*~tactically~*~*~ (water).
 25401 | Shoals:4 | 25401 ||| Stepping ~*~*~tactically~*~*~ (water).
 25423 | Shoals:4 | 25423 ||| PLANNING VAULTS:1-4
 25423 | Shoals:4 | 25423 ||| UPGRADING to +0 leather armour "Kuockexe" {rElec
                  | rF+ Will+ SInv}.
 25433 | Shoals:4 | 25433 ||| DROPPING +5 ring of evasion.
 25458 | Shoals:4 | 25458 ||| Stepping ~*~*~tactically~*~*~ (water).
 25724 | Vaults:1 | Entered Level 1 of the Vaults
 25741 | Vaults:1 | 25741 ||| READING 2 scrolls of teleportation.
 25742 | Vaults:1 | 25742 ||| INVOKING Heroism.
 25966 | Vaults:1 | 25966 ||| INVOKING Finesse.
 25967 | Vaults:1 | 25967 ||| Stepping ~*~*~tactically~*~*~ (outnumbered).
 25982 | Vaults:1 | 25982 ||| INVOKING Heroism.
 25994 | Vaults:1 | Received a gift from Okawaru
 25994 | Vaults:1 | Found the +3 pair of seven-league boots {Rampage+∞}
 26014 | Vaults:1 | Reached skill level 18 in Dodging
 26122 | Vaults:1 | 26122 ||| UPGRADING to +3 pair of seven-league boots
                  | {Rampage+∞}.
 26134 | Vaults:1 | 26134 ||| DROPPING +2 pair of boots.
 26147 | Vaults:1 | 26147 ||| INVOKING Heroism.
 26148 | Vaults:1 | 26148 ||| INVOKING Finesse.
 26292 | Vaults:1 | 26292 ||| INVOKING Heroism.
 26293 | Vaults:1 | 26293 ||| INVOKING Finesse.
 26295 | Vaults:1 | 26295 ||| Stepping ~*~*~tactically~*~*~ (outnumbered).
 26543 | Vaults:1 | 26543 ||| UPGRADING to scarf of resistance.
 26619 | Vaults:1 | Reached XP level 18. HP: 178/178 MP: 27/27
 26907 | Vaults:1 | 26907 ||| INVOKING Heroism.
 26916 | Vaults:1 | HP: 31/178 [vault warden/+0 broad axe (19)]
 26917 | Vaults:1 | 26917 ||| READING 4 scrolls of teleportation.
 26918 | Vaults:1 | 26918 ||| DRINKING 3 potions of heal wounds.
 26919 | Vaults:1 | 26919 ||| DRINKING 2 potions of heal wounds.
 27336 | Vaults:1 | 27336 ||| INVOKING Heroism.
 27680 | Vaults:2 | Found Aca Fenu's Distillery.
 27691 | Vaults:2 | 27691 ||| BUYING 2 potions of curing (102 gold).
 27691 | Vaults:2 | Bought 2 potions of curing for 102 gold pieces
 27691 | Vaults:2 | 27691 ||| BUYING potion of heal wounds (85 gold).
 27691 | Vaults:2 | Bought a potion of heal wounds for 85 gold pieces
 27691 | Vaults:2 | 27691 ||| BUYING potion of might (68 gold).
 27691 | Vaults:2 | Bought a potion of might for 68 gold pieces
 27691 | Vaults:2 | 27691 ||| SHOPLISTING potion of mutation (136 gold, have
                  | 84).
 27733 | Vaults:2 | 27733 ||| INVOKING Finesse.
 27736 | Vaults:2 | 27736 ||| INVOKING Heroism.
 27743 | Vaults:2 | HP: 35/180 [vault sentinel/+0 falchion (14)]
 27744 | Vaults:2 | 27744 ||| READING 3 scrolls of teleportation.
 27745 | Vaults:2 | 27745 ||| DRINKING 2 potions of heal wounds.
 27748 | Vaults:2 | 27748 ||| DRINKING potion of heal wounds.
 28005 | Vaults:2 | 28005 ||| INVOKING Finesse.
 28009 | Vaults:2 | 28009 ||| INVOKING Heroism.
 28017 | Vaults:2 | Reached skill level 21 in Fighting
 28033 | Vaults:2 | 28033 ||| Stepping ~*~*~tactically~*~*~ (outnumbered).
 28039 | Vaults:2 | 28039 ||| Stepping ~*~*~tactically~*~*~ (outnumbered).
 28051 | Vaults:2 | Identified the +6 longbow "Loopy" {speed, Dex+3} (Okawaru
                  | gifted it to you on level 2 of the Vaults)
 28051 | Vaults:2 | Received a gift from Okawaru
 28057 | Vaults:2 | 28057 ||| Stepping ~*~*~tactically~*~*~ (outnumbered).
 28075 | Vaults:2 | 28075 ||| Stepping ~*~*~tactically~*~*~ (outnumbered).
 28090 | Vaults:2 | 28090 ||| INVOKING Heroism.
 28099 | Vaults:2 | HP: 26/184 [vault warden/+1 long sword of holy wrath (27)]
 28100 | Vaults:2 | 28100 ||| READING 2 scrolls of teleportation.
 28100 | Vaults:2 | HP: 7/184 [vault warden/+1 long sword of holy wrath (20)]
 28131 | Vaults:2 | 28131 ||| READING scroll of teleportation.
 28138 | Vaults:2 | Reached skill level 22 in Fighting
 28148 | Vaults:2 | 28148 ||| INVOKING Heroism.
 28150 | Vaults:2 | Received a gift from Okawaru
 28167 | Vaults:2 | HP: 23/184 [ironbound thunderhulk/bolt of lightning (16)]
 28172 | Vaults:2 | 28172 ||| INVOKING Finesse.
 28172 | Vaults:2 | HP: 6/184 [deep elf high priest/divine providence (15)]
 28178 | Vaults:2 | Demolished by an ironbound thunderhulk

Levels and vault maps discovered:
D:1:      dpeg_arrival_rooms_a, layout_loops_corners, serial_park_tiny_2,
          skrybe_limestone_x
D:2:      layout_basic
D:3:      layout_loops_ring, amethyst_overflow_temple_binary,
          kennysheep_nondescript
D:4:      layout_loops_ring, nicolae_ashenzari_panopticon, marbit_many_paths,
          nicolae_elyvilon_temple_path, minmay_misc_feat_more_columns
D:5:      layout_rooms, mainiacjoe_overflow_boulevard, serial_shops,
          shop_fountains, nicolae_shop_gaudy_bauble, shop,
          nicolae_stop_n_shop_2, shop, nicolae_letterblocks
          [nicolae_letter_subblock, nicolae_letter_subblock,
          nicolae_letter_subblock, nicolae_letter_subblock,
          nicolae_letter_subblock, nicolae_letter_subblock,
          nicolae_letter_subblock, nicolae_letter_subblock,
          nicolae_letter_subblock, nicolae_letter_subblock,
          nicolae_letter_subblock, nicolae_letter_subblock,
          nicolae_letter_subblock, nicolae_letter_subblock,
          nicolae_letter_subblock, nicolae_letter_subblock,
          nicolae_letter_subblock, nicolae_letter_subblock,
          nicolae_letter_subblock, nicolae_letter_subblock,
          nicolae_letter_subblock, nicolae_letter_subblock,
          nicolae_letter_subblock, nicolae_letter_subblock,
          nicolae_letter_subblock]
D:6:      layout_loops_ring, gammafunk_temple_overflow_arena,
          corexii_checkpoint_b
D:7:      layout_loops_cross, slow_altar_2, minmay_temple_entry_sparse_star
D:8:      layout_cave_pools, mainiacjoe_overflow_six_doors_small, enter_bailey_8
D:9:      layout_roguey, hangedman_ru_absence, kennysheep_orc_sif_temple,
          hangedman_minor_magic, uniq_harold
D:10:     layout_loops_cross, dpeg_lair_monsters
D:11:     layout_cave_pools, orc_0_dummy
D:12:     layout_roguey
D:13:     layout_loops_cross, grunt_vaults_entry_tiered, serial_shops,
          shop_statue, nicolae_shop_industrial_runoff,
          hangedman_abyss_or_decor_stabs
D:14:     layout_stronghold, serial_park_tiny_2, serial_shops, shop,
          chequers_serial_rivers_small_a
D:15:     grunt_enter_depths_magical_seal, layout_small_grid,
          chequers_serial_rivers_large_a, minivault_15, uniq_nessos
Temple:   eino_temple_lava
Lair:1:   layout_misc_corridors
Lair:2:   layout_chaotic_city, minmay_snake_entry_guardpost_small, minivault_24
Lair:3:   layout_cave_pods, elwin_shoals_entry_rocks, uniq_amaemon, uniq_rupert
Lair:4:   layout_roguey [special_room_mythical_zoo],
          nicolae_slime_entry_slimehenge, grunt_forest_large_clearings,
          infiniplex_staircase_pool_2, serial_bayou_shore_a,
          serial_bayou_shore_b
Lair:5:   gammafunk_lair_ancient_temple, layout_regular_city, minivault_26
Shoals:1: layout_shoals, nicolae_shoals_nautilus_by_nature,
          nicolae_shoals_hidden_pirate_stash
Shoals:2: layout_shoals, kb_tengu_band, uniq_polyphemus
Shoals:3: layout_shoals, nicolae_stop_n_shop_2, nicolae_shoals_lost_giant_temple
Shoals:4: shoals_end_hangedman, layout_shoals, uniq_aizul
Snake:1:  layout_concentric_octagons, hellmonk_ghost_happy_afterlife, uniq_agnes
Snake:2:  layout_onion, serial_shops, shop, serial_bayou_pond_e,
          serial_bayou_shore_b
Snake:3:  layout_onion, serial_shops, nicolae_book_shop_shelving, shop,
          nicolae_shop_behind_doors, nicolae_snake_gridmaze_squiggle,
          nicolae_large_snake_swirl, uniq_nikola, uniq_saint_roka
Orc:1:    layout_caves, basic_altar
Orc:2:    grunt_orc_tribal_feast, layout_diamond_mine, serial_shops, shop
Vaults:1: nicolae_vaults_house_3, vaults_standard_mumra_lines,
          nicolae_vaults_house_1, nicolae_vaults_storage_closets_2,
          nicolae_vaults_border_crossing, vaults_room_large_hall, v_misc_30,
          v_misc_1, nicolae_vaults_what_the_h, v_misc_8, layout_vaults_omnicross
Vaults:2: minmay_crypt_entry_simple_corners, st_greater_box_4,
          nicolae_vaults_twisting_passages, nicolae_vaults_double_plus_3,
          hangedman_vaults_capsules, nicolae_vaults_sesquioval_fish, v_misc_9,
          nicolae_vaults_surprise_closet, v_misc_14,
          nicolae_vaults_taking_the_gang_shopping,
          hangedman_vaults_corner_blocks, nicolae_vaults_tetromino_L_1,
          layout_vaults_omnibox, serial_shops, nicolae_shop_tiny_statue_garden

Skill      XL: |  1  2  3  4  5  6  7  8  9 10 11 12 13 14 15 16 17 18 |
---------------+-------------------------------------------------------+-----
Ranged Weapons | 3 4 6 7 9 10 12 13 14 16 18 20 | 20.0
Fighting       | 2 3 4 5 7 8 9 10 12 15 18 19 20 22 | 22.0
Armour         | 2 3 4 5 7 9 10 11 12 | 12.0
Dodging        | 3 5 6 8 11 12 14 16 18 20 | 20.2
Invocations    | 4 6 9 10 | 10.0
Spellcasting   | |  1.0
Hexes          | |  2.0

Action                     |  1- 3 |  4- 6 |  7- 9 | 10-12 | 13-15 | 16-18 || total
---------------------------+-------+-------+-------+-------+-------+-------++-------
   Fire: Sling             |    68 |       |       |       |       |       ||    68
         Arbalest          |    43 |    65 |   197 |    87 |       |       ||   392
         Orcbow            |       |       |       |   414 |  1095 |       ||  1509
         Longbow           |       |       |       |       |   463 |  1106 ||  1569
 Invoke: Heroism           |       |       |     3 |    14 |    38 |    36 ||    91
         Finesse           |       |       |       |     4 |    10 |    12 ||    26
    Use: Scroll            |     2 |     8 |     9 |     4 |     6 |    10 ||    39
         Potion            |       |     2 |     2 |       |     5 |     4 ||    13
 Armour: Robe              |     4 |       |       |       |       |       ||     4
         Leather armour    |     4 |     1 |       |       |       |    26 ||    31
         Ring mail         |       |     5 |    21 |       |    46 |    48 ||   120
         Troll leather arm |       |       |    21 |    36 |   105 |       ||   162
  Dodge: Dodged            |    29 |    25 |   136 |   191 |   775 |   658 ||  1814
  Block: Other             |       |       |    10 |       |       |       ||    10

Table legend:
 A = Non-vault XP
 B = Vault XP
 C = Vault XP percentage of total XP
 D = Non-vault monster count
 E = Vault monster count
 F = Vault count percentage of total count
                 A         B        C        D         E       F
            +---------+---------+-------+---------+---------+-------
      Total |  236201 |  122462 |  34.1 |     738 |     274 |  27.1
            +---------+---------+-------+---------+---------+-------
        D:1 |      45 |       0 |   0.0 |      25 |       0 |   0.0
        D:2 |      53 |       0 |   0.0 |      21 |       0 |   0.0
        D:3 |     248 |       0 |   0.0 |      16 |       0 |   0.0
        D:4 |     484 |       1 |   0.2 |      25 |       1 |   3.8
        D:5 |     363 |       0 |   0.0 |      12 |       0 |   0.0
        D:6 |     882 |       4 |   0.5 |      26 |       2 |   7.1
        D:7 |     579 |      18 |   3.0 |       4 |       1 |  20.0
        D:8 |    1195 |       0 |   0.0 |      19 |       0 |   0.0
        D:9 |    3327 |    2704 |  44.8 |      35 |      20 |  36.4
       D:10 |    1833 |    2842 |  60.8 |      14 |       5 |  26.3
       D:11 |    6254 |       0 |   0.0 |      28 |       0 |   0.0
       D:12 |    4473 |       0 |   0.0 |      16 |       0 |   0.0
       D:13 |    6520 |    8717 |  57.2 |      14 |      25 |  64.1
       D:14 |   10168 |       0 |   0.0 |      20 |       0 |   0.0
       D:15 |   12399 |    5918 |  32.3 |      20 |      11 |  35.5
     Lair:1 |    5967 |       0 |   0.0 |      24 |       0 |   0.0
     Lair:2 |    7645 |     649 |   7.8 |      33 |       4 |  10.8
     Lair:3 |    6097 |    2962 |  32.7 |      12 |       3 |  20.0
     Lair:4 |    7344 |    5462 |  42.7 |      31 |      35 |  53.0
     Lair:5 |   12934 |    6987 |  35.1 |      37 |      17 |  31.5
   Shoals:1 |    8052 |     752 |   8.5 |      14 |       1 |   6.7
   Shoals:2 |   13566 |    6718 |  33.1 |      25 |       8 |  24.2
   Shoals:3 |   12627 |       0 |   0.0 |      18 |       0 |   0.0
   Shoals:4 |   14180 |   20248 |  58.8 |      28 |      32 |  53.3
    Snake:1 |   10607 |    1470 |  12.2 |      22 |       1 |   4.3
    Snake:2 |   11601 |       0 |   0.0 |      22 |       0 |   0.0
    Snake:3 |   17885 |    6458 |  26.5 |      33 |      15 |  31.2
      Orc:1 |    3146 |       0 |   0.0 |      30 |       0 |   0.0
      Orc:2 |    1714 |    7760 |  81.9 |      19 |      30 |  61.2
   Vaults:1 |   22517 |   28307 |  55.7 |      40 |      43 |  51.8
   Vaults:2 |   31496 |   14485 |  31.5 |      55 |      20 |  26.7
            +---------+---------+-------+---------+---------+-------
